 Dungeon Crawl Stone Soup version 0.31-a0-188-g5e087ee2ca (webtiles) character file.

Game seed: 11000110543313848291

45 qw the Shooter (level 3, -2/20 HPs)
             Began as a Deep Elf Hunter on June 23, 2023.
             Slain by a goblin
             ... wielding a +0 club
             ... led by Robin
              (5 damage)
             ... on level 2 of the Dungeon.
             The game lasted 00:00:33 (1076 turns).

qw the Shooter (Deep Elf Hunter)                    Turns: 1076, Time: 00:00:33

Health: -2/20      AC:  3    Str: 10    XL:     3   Next: 42%
Magic:  5/5        EV: 12    Int: 13    God:
Gold:   29         SH:  0    Dex: 18    Spells: 2/2 levels left

rFire   . . .        Y - +1 shortbow
rCold   . . .        (shield currently unavailable)
rNeg    . . .        c - +0 leather armour
rPois   .            (no helmet)
rElec   .            (no cloak)
rCorr   .            (no gloves)
SInv    .            (no boots)
Will    .....        (no amulet)
Stlth   ++           (no ring)
HPRegen 0.23/turn    (no ring)
MPRegen 0.09/turn

%: no passive effects
@: no status effects
A: no striking features
a: no special abilities


You were on level 2 of the Dungeon.
You visited 1 branch of the dungeon, and saw 2 of its levels.

You collected 29 gold pieces.


   Skills:
 - Level 1.5 Fighting
 + Level 7.0 Ranged Weapons
 - Level 2.4 Dodging
 - Level 1.2 Stealth


You had 2 spell levels left.
You didn't know any spells.
Your spell library was empty.

Inventory:

Hand Weapons
 Y - a +1 shortbow (weapon)
Armour
 c - a +0 leather armour (worn)
Potions
 e - a potion of enlightenment {unknown}
 f - a potion of lignification {unknown}
 g - a potion of magic {unknown}
 h - a potion of degeneration {unknown}

Dungeon Overview and Level Annotations

Branches:
Dungeon (2/15)

Altars:
Zin

Annotations:
D:2 Robin


Message History

You shoot an arrow. The goblin shouts!
The hobgoblin shouts!
The arrow hits the goblin.
The goblin is severely wounded.
You hear a shout! x2
Robin of the Strong Arm comes into view.
They are wielding a +0 club.
You shoot an arrow. The arrow hits the goblin.
You kill the goblin!
Robin roars a battlecry!
The goblins go into a battle-frenzy!
A goblin comes into view. It is wielding a +0 club.
You hear a shout!
Your Ranged Weapons skill increases to level 7!
You shoot an arrow. The arrow hits the hobgoblin.
The hobgoblin is moderately wounded.
You shoot an arrow. The arrow barely misses the goblin.
The arrow closely misses the goblin.
A goblin comes into view. It is wielding a +2 dagger of speed.
You shoot an arrow. The arrow hits the goblin!
You kill the goblin!
A goblin comes into view. It is wielding a +0 club.
Robin says, "A pitiful Elf like you will never find the ORB!"
You shoot an arrow.
The arrow hits the hobgoblin but does no damage.
The hobgoblin is moderately wounded.
A hobgoblin comes into view.
Robin throws the goblin at you!
You shoot an arrow. The arrow barely misses the goblin.
The hobgoblin shouts!
You hear a shout!
The goblin hits you with a +0 club.
An endoplasm comes into view.
Robin throws the goblin at you!
You shoot an arrow. The arrow hits the hobgoblin.
The hobgoblin is almost dead.
The hobgoblin hits you. The goblin hits you with a +0 club. x2
You shoot an arrow. The arrow hits the hobgoblin!
You kill the hobgoblin!
The goblin hits you with a +0 club. x2
You die...

########..##..# ##.#
....####..##.####.##
#..####..#.^......
#......#######...
#####..##### #.......
#.....## ##.######
....###<.### #..##.<..
## ###...####.##.....
#@g............###
..gg).gg######......##
).J###### #..#...###
#..####...### ...#
###.... .#.. ##### #.
#


You could see Robin, an endoplasm, a hobgoblin (strong) and 3 goblins.

Vanquished Creatures
  A dart slug (D:2)
  2 ball pythons (D:1)
  4 endoplasms
  2 giant cockroaches
  8 goblins
  4 hobgoblins
  6 kobolds
  6 bats
  4 frilled lizards
  3 rats (D:1)
40 creatures vanquished.

Notes
Turn   | Place    | Note
-------+----------+-------------------------------------------
     0 | D:1      | qw the Deep Elf Hunter began the quest for the Orb.
     0 | D:1      | Reached XP level 1. HP: 12/12 MP: 3/3
     0 | D:1      | 0 ||| qw: Version: 0.3-a-9-g12657ce
     0 | D:1      | 0 ||| qw: Game counter: 3832
     0 | D:1      | 0 ||| qw: Always use a shield: true
     0 | D:1      | 0 ||| qw: God list: Okawaru
     0 | D:1      | 0 ||| qw: Allow faded altars: false
     0 | D:1      | 0 ||| qw: Do Orc after D:15 true
     0 | D:1      | 0 ||| qw: Do second Lair branch before Depths: true
     0 | D:1      | 0 ||| qw: Lair rune preference: random
     0 | D:1      | 0 ||| qw: Plans: Normal
     0 | D:1      | 0 ||| PLANNING D:1-11
   138 | D:1      | Reached XP level 2. HP: 16/16 MP: 4/4
   163 | D:1      | Reached skill level 6 in Ranged Weapons
   518 | D:1      | 518 ||| Stepping ~*~*~tactically~*~*~ (outnumbered).
   520 | D:1      | 520 ||| Stepping ~*~*~tactically~*~*~ (outnumbered).
   555 | D:1      | 555 ||| READING scroll labelled VOTUGR INOPP.
   566 | D:1      | 566 ||| DROPPING scroll of butterflies.
   701 | D:1      | Reached XP level 3. HP: 20/20 MP: 5/5
   910 | D:1      | 910 ||| READING scroll labelled FUBISE ITUL.
   911 | D:1      | 911 ||| READING scroll labelled TEAGAM HINEMONY.
   987 | D:2      | Found a glowing silver altar of Zin.
  1016 | D:2      | 1016 ||| FLEEEEING.
  1017 | D:2      | 1017 ||| FLEEEEING.
  1018 | D:2      | 1018 ||| FLEEEEING.
  1019 | D:2      | 1019 ||| FLEEEEING.
  1020 | D:2      | 1020 ||| FLEEEEING.
  1021 | D:2      | 1021 ||| FLEEEEING.
  1022 | D:2      | 1022 ||| FLEEEEING.
  1068 | D:2      | Noticed Robin
  1070 | D:2      | Reached skill level 7 in Ranged Weapons
  1075 | D:2      | HP: 5/20 [goblin/+0 club[Robin] (2)]
  1076 | D:2      | Slain by a goblin

Levels and vault maps discovered:
D:1:      ncdulo_lavacross, layout_loops_ring, lexackson_kobold_supper
D:2:      layout_rooms, basic_altar, uniq_jessica, uniq_robin

Skill      XL: |  1  2  3 |
---------------+----------+-----
Ranged Weapons | 6 7 |  7.0
Fighting       | |  1.5
Dodging        | |  2.4
Stealth        | |  1.2

Action                     || total
---------------------------++-------
   Fire: Shortbow          ||   116
    Use: Scroll            ||     3
 Armour: Leather armour    ||    16
  Dodge: Dodged            ||    22

Table legend:
 A = Non-vault XP
 B = Vault XP
 C = Vault XP percentage of total XP
 D = Non-vault monster count
 E = Vault monster count
 F = Vault count percentage of total count
                 A         B        C        D         E       F
            +---------+---------+-------+---------+---------+-------
      Total |      48 |      19 |  28.4 |      28 |      12 |  30.0
            +---------+---------+-------+---------+---------+-------
        D:1 |      34 |      11 |  24.4 |      21 |       8 |  27.6
        D:2 |      14 |       8 |  36.4 |       7 |       4 |  36.4
            +---------+---------+-------+---------+---------+-------
